 Dungeon Crawl Stone Soup version 0.29-a0-275-g389c0b56f3 (webtiles) character file.

Game seed: 15556548951416902858

385 kae the Ruffian (level 6, -1/58 HPs)
             Began as a Draconian Transmuter on Mar 10, 2022.
             Slain by a wyvern (12 damage)
             ... on level 5 of the Dungeon.
             The game lasted 00:03:19 (5110 turns).

kae the Ruffian (Draconian Transmuter)              Turns: 5110, Time: 00:03:19

Health: -1/58      AC:  6    Str: 12    XL:     6   Next: 48%
Magic:  6/10       EV: 10    Int: 16    God:
Gold:   607        SH:  0    Dex: 11    Spells: 2/10 levels left

rFire   x . .      SeeInvis .     - Unarmed
rCold   + + +      Faith    .   (shield currently unavailable)
rNeg    . . .      Spirit   .   (body armour unavailable)
rPois   +          Reflect  .   (helmet currently unavailable)
rElec   .          Harm     .   (cloak currently unavailable)
rCorr   .          Rampage  .   (gloves currently unavailable)
Will    .....                   (boots currently unavailable)
Stlth   +.........              (no amulet)
HPRegen 0.19/turn               (no ring)
MPRegen 0.12/turn               (no ring)

@: ice-form
A: freezing attack, amphibious, boosted hp, AC +6, large, unfitting armour,
(cold-blooded)
a: End Transformation


You were on level 5 of the Dungeon.
You were a creature of crystalline ice.
You visited 1 branch of the dungeon, and saw 5 of its levels.

You collected 607 gold pieces.

Inventory:

Armour
 f - a +0 pair of gloves (melded)
Jewellery
 c - a ring of fire
 e - an amulet of reflection
Wands
 k - a wand of acid (8)
 m - a wand of charming (7)
Scrolls
 g - a scroll of amnesia
 h - a scroll of identify
 i - 4 scrolls of teleportation
 j - a scroll of enchant weapon
Potions
 a - 2 potions of lignification
 b - 2 potions of attraction
 d - a potion of flight
 l - a potion of berserk rage


   Skills:
 + Level 2.3 Fighting
 + Level 2.7 Dodging
 * Level 4.4 Unarmed Combat
 + Level 2.8 Spellcasting
 * Level 3.6 Transmutations
 * Level 1.6 Ice Magic
 - Level 2.0 Poison Magic


You had 2 spell levels left.
You knew the following spells:

 Your Spells              Type           Power      Damage    Failure   Level
a - Beastly Appendage     Tmut           26%        N/A       4%          1
b - Spider Form           Tmut/Pois      11%        N/A       19%         3
c - Ice Form              Ice/Tmut       10%        N/A       54%         4

Your spell library contained the following spells:

 Spells                   Type           Power      Damage    Failure   Level
 Wereblood                Tmut           13%        N/A       6%          2
 Chain Lightning          Conj/Air       1%         3d1       100%        9
 Fire Storm               Conj/Fire      1%         7d1       100%        9
 Shatter                  Erth           1%         3d5*      100%        9


Dungeon Overview and Level Annotations

Branches:
Dungeon (5/15)
 Temple: D:4-7

Altars:
Gozag

Annotations:
D:4 exclusion: ice beast


Innate Abilities, Weirdness & Mutations

You are a creature of crystalline ice.
You have a powerful freezing melee attack.
You are amphibious.
Your maximum health is increased.
Your armour is entirely melded.
You are incapable of wielding weapons or throwing items.
((Your plain brown scales are hard. (AC +6)))
You cannot fit into any form of body armour.
((You are cold-blooded and may be slowed by cold attacks.))


Message History

[Y]es or [N]o only, please.
The spell is extremely dangerous to miscast (54% risk of failure)!
Continue anyway?
You miscast Ice Form.
You are very lightly contaminated with residual magic.
Nothing appears to happen.
You start resting.
Your magical contamination has completely faded away.
You start resting.
Magic restored.
Casting: Ice Form (extremely dangerous; 54% risk of failure)
Confirm with . or Enter, or press ? or * to list all spells.
The spell is extremely dangerous to miscast (54% risk of failure)!
Continue anyway? [Y]es or [N]o only, please.
The spell is extremely dangerous to miscast (54% risk of failure)!
Continue anyway?
You miscast Ice Form.
You are very lightly contaminated with residual magic.
Your body is twisted painfully.
You start resting.
Your magical contamination has completely faded away.
You start resting.
Magic restored.
Casting: Ice Form (extremely dangerous; 54% risk of failure)
Confirm with . or Enter, or press ? or * to list all spells.
The spell is extremely dangerous to miscast (54% risk of failure)!
Continue anyway? [Y]es or [N]o only, please.
The spell is extremely dangerous to miscast (54% risk of failure)!
Continue anyway?
You turn into a creature of crystalline ice.
Your +0 pair of gloves melds into your body.
You climb downwards.
The wyvern bites you! The wyvern bites you. The wyvern bites you!
There is a stone staircase leading up here.
You punch the wyvern! You freeze the wyvern.
The wyvern is heavily wounded.
The wyvern bites you!
You hit the wyvern. You freeze the wyvern.
The wyvern is severely wounded.
The wyvern bites you!
* * * LOW HITPOINT WARNING * * *
The wyvern bites you!
You die...

.............
.#.#.#......#......... .
............ #.#.#...#.#
.#.#.....###.......#..
.........##..........
#...................
######....$.....$........
........Y...........O...#
######l).........<.....#
#.#..........$....#
#.#...............#
..#...............#
#...........?......#
...#...............#
#.#...#...........l.#
#...# .............#


You could see a wyvern.

Vanquished Creatures
  An orc priest (D:4)
  A hound (D:4)
  Ijyb (D:4)
  Terence (D:3)
  2 iguanas (D:4)
  4 gnolls (D:2)
  9 adders
  An ufetubus (D:4)
  A worm (D:4)
  5 dart slugs
  4 orcs
  7 endoplasms
  3 giant cockroaches
  5 goblins
  8 hobgoblins
  6 jackals
  7 kobolds
  4 quokkas
  6 ball pythons
  5 bats
  A frilled lizard (D:3)
  9 rats
91 creatures vanquished.

Notes
Turn   | Place    | Note
-------+----------+-------------------------------------------
     0 | D:1      | kae the Draconian Transmuter began the quest for the Orb.
     0 | D:1      | Reached XP level 1. HP: 16/16 MP: 3/3
   331 | D:1      | Reached XP level 2. HP: 16/23 MP: 3/5
   908 | D:1      | Reached XP level 3. HP: 26/28 MP: 4/6
   922 | D:1      | Learned a level 3 spell: Spider Form
  1670 | D:2      | Reached XP level 4. HP: 34/35 MP: 5/7
  1810 | D:2      | Reached skill level 1 in Poison Magic
  2025 | D:2      | Found a faded altar of an unknown god.
  2098 | D:2      | Found an opulent altar of Gozag.
  2222 | D:2      | Reached skill level 4 in Unarmed Combat
  2222 | D:2      | Reached XP level 5. HP: 30/41 MP: 8/8
  2670 | D:3      | Noticed Terence
  2683 | D:2      | Learned a level 4 spell: Ice Form
  2744 | D:3      | Killed Terence
  3816 | D:4      | Reached skill level 1 in Ice Magic
  3915 | D:4      | Noticed an ice beast
  3965 | D:4      | Noticed Ijyb
  3977 | D:4      | Reached XP level 6. HP: 48/48 MP: 6/10
  3986 | D:4      | Killed Ijyb
  4900 | D:4      | Identified a scroll of acquirement
  4900 | D:4      | Acquired 421 gold pieces
  4970 | D:5      | Entered Level 5 of the Dungeon
  4970 | D:5      | Noticed a wyvern
  5110 | D:5      | Slain by a wyvern

Illustrated notes

Levels and vault maps discovered:
D:1:      dpeg_arrival_rooms_a, layout_basic, kennysheep_nondescript,
          minmay_stone_trees_small
D:2:      layout_loops_ring, hellmonk_ecumenical_altar_lost_god, basic_altar
D:3:      layout_loops_ring, uniq_terence
D:4:      layout_basic, mrwooster_statue_mirror, uniq_ijyb
D:5:      layout_rooms, serial_glass, glass_columns_a, glass_columns_b,
          glass_columns_c, glass_columns_a, glass_columns_a, glass_columns_a,
          glass_columns_c, glass_columns_a, uniq_menkaure

Skill      XL: |  1  2  3  4  5 |
---------------+----------------+-----
Dodging        | 2 |  2.7
Poison Magic   | 1 2 |  2.0
Unarmed Combat | 4 |  4.4
Transmutations | 3 |  3.6
Fighting       | 2 |  2.3
Ice Magic      | 1 |  1.6
Spellcasting   | |  2.8

Action                   |  1- 3 |  4- 6 || total
-------------------------+-------+-------++-------
Melee: Unarmed           |    82 |   183 ||   265
       Kick              |    22 |    18 ||    40
       Headbutt          |    11 |    10 ||    21
       Tailslap          |     6 |    14 ||    20
       Punch             |     1 |     2 ||     3
 Cast: Beastly Appendage |    18 |    20 ||    38
       Spider Form       |     2 |     9 ||    11
       Ice Form          |       |     1 ||     1
  Use: Scroll            |     4 |     8 ||    12
 Stab: Sleeping          |       |     1 ||     1
Armor: Skin              |    28 |    57 ||    85
Dodge: Dodged            |    61 |   123 ||   184

Table legend: (Time is in decaauts)
 A = Elapsed time spent in this place.
 B = Non-inter-level travel time spent in this place.
 C = Inter-level travel time spent in this place.
 D = Time resting spent in this place.
 E = Time spent auto-exploring this place.
 F = Levels seen in this place.
 G = Mean time per level.
                   A        B        C        D        E       F      G
               +--------+--------+--------+--------+--------+-----+--------+
         Total |   5093 |   4927 |    166 |    512 |   3671 |   5 | 1018.6 |
       Dungeon |   5093 |   4927 |    166 |    512 |   3671 |   5 | 1018.6 |
               +--------+--------+--------+--------+--------+-----+--------+

Top non-repeatable levels by time:
     D:2: 1396 daAuts
     D:4: 1384 daAuts
     D:1: 1318 daAuts
     D:3: 961 daAuts
     D:5: 33 daAuts
